BSA
NEW YORK KNIGHTS @ CHICAGO MACHINE
04/21/2025
 
TOP OF THE 1ST
New York Knights batting - Pitching for Chicago Machine : RHP Juan Marín
Pitching: RHP Juan Marín
Batting: RHB José Aguilera 0-0: Foul Ball, location: 2F
0-1: Ball
1-1: Ball
2-1: Fly out, F8 (Flyball, 89D)
Batting: RHB Keitaro Suzuki 0-0: Bunt for hit - play at first, batter OUT! 2-3
Batting: LHB Troy Donaldson 0-0: Ball
1-0: Foul Ball, location: 2F
1-1: Foul Ball, location: 2F
1-2: Strikes out looking
Top of the 1st over - 0 run(s), 0 hit(s), 0 error(s), 0 left on base; New York 0 - Chicago 0
BOTTOM OF THE 1ST
Chicago Machine batting - Pitching for New York Knights : RHP José Navarro
Pitching: RHP José Navarro
Batting: SHB Joaquín López 0-0: Called Strike
0-1: Swinging Strike
0-2: Ball
1-2: Ball
2-2: SINGLE (Groundball, 56D)
Batting: RHB Derek Ramsey 0-0: Ball
1-0: SINGLE (Groundball, 4)
Joaquín López to second
Runner from 2nd tries for 3rd, SAFE, throw made to third
Batting: LHB Bob Smith 0-0: Fly out, F5 (Popup, 5SF)
Batting: RHB Edward Young 0-0: Grounds into double play, U6-3 (Groundball, 6M)
Bottom of the 1st over - 0 run(s), 2 hit(s), 0 error(s), 1 left on base; New York 0 - Chicago 0
TOP OF THE 2ND
New York Knights batting - Pitching for Chicago Machine : RHP Juan Marín
Batting: SHB Marvin Harris 0-0: Called Strike
0-1: DOUBLE (Flyball, 8LXD)
Batting: LHB Tom Waller 0-0: Ball
1-0: Ball
2-0: SINGLE (Groundball, 34D)
Marvin Harris to third
Runner from 3rd tries for Home, throw and OUT!
Batting: RHB Anastasio García 0-0: Ball
1-0: Ball
2-0: Called Strike
2-1: Foul Ball, location: 2F
2-2: Grounds into double play, 4-6-3 (Groundball, 4)
Top of the 2nd over - 0 run(s), 2 hit(s), 0 error(s), 0 left on base; New York 0 - Chicago 0
BOTTOM OF THE 2ND
Chicago Machine batting - Pitching for New York Knights : RHP José Navarro
Batting: LHB Eric Wheeler 0-0: Ball
1-0: Ground out 2-3 (Groundball, 2L)
Batting: RHB Lorenzo Guzmán 0-0: Ball
1-0: Called Strike
1-1: Fly out, F3 (Popup, 3F)
Batting: LHB Marcos Vargas 0-0: Foul Ball, location: 2F
0-1: Foul Ball, location: 2F
0-2: Ground out 4-3 (Groundball, 4M)
Bottom of the 2nd over - 0 run(s), 0 hit(s), 0 error(s), 0 left on base; New York 0 - Chicago 0
TOP OF THE 3RD
New York Knights batting - Pitching for Chicago Machine : RHP Juan Marín
Batting: LHB Warren Potter 0-0: Ball
1-0: Ball
2-0: Foul Ball, location: 2F
2-1: Fly out, F8 (Flyball, 8LS)
Batting: RHB Dani Torres 0-0: Ball
1-0: Ball
2-0: Called Strike
2-1: Foul Ball, location: 2F
2-2: Strikes out looking
Batting: RHB Lonnie Anderson 0-0: Ground out 4-3 (Groundball, 4)
Top of the 3rd over - 0 run(s), 0 hit(s), 0 error(s), 0 left on base; New York 0 - Chicago 0
BOTTOM OF THE 3RD
Chicago Machine batting - Pitching for New York Knights : RHP José Navarro
Batting: RHB Dave Mullen 0-0: Called Strike
0-1: Called Strike
0-2: Foul Ball, location: 2F
0-2: Foul Ball, location: 2F
0-2: Strikes out swinging
Batting: RHB Juan Barrera 0-0: Called Strike
0-1: Ball
1-1: Foul Ball, location: 2F
1-2: Ball
2-2: Strikes out swinging
Batting: SHB Joaquín López 0-0: Foul Ball, location: 2F
0-1: Foul Ball, location: 2F
0-2: Ball
1-2: Strikes out swinging
Bottom of the 3rd over - 0 run(s), 0 hit(s), 0 error(s), 0 left on base; New York 0 - Chicago 0
TOP OF THE 4TH
New York Knights batting - Pitching for Chicago Machine : RHP Juan Marín
Batting: RHB José Aguilera 0-0: Called Strike
0-1: Called Strike
0-2: Strikes out swinging
Batting: RHB Keitaro Suzuki 0-0: Fly out, F7 (Flyball, 78M)
Batting: LHB Troy Donaldson 0-0: Ball
1-0: Called Strike
1-1: Called Strike
1-2: TRIPLE (Flyball, 89XD)
Batting: SHB Marvin Harris 0-0: Called Strike
0-1: Ball
1-1: Ball
2-1: SINGLE (Line Drive, 4D)
Troy Donaldson scores
Batting: LHB Tom Waller 0-0: Called Strike
0-1: Ball
1-1: Ball
2-1: Swinging Strike
2-2: Foul Ball, location: 2F
2-2: Ball
3-2: Strikes out swinging
Top of the 4th over - 1 run(s), 2 hit(s), 0 error(s), 1 left on base; New York 1 - Chicago 0
BOTTOM OF THE 4TH
Chicago Machine batting - Pitching for New York Knights : RHP José Navarro
Batting: RHB Derek Ramsey 0-0: Ball
1-0: Swinging Strike
1-1: Ball
2-1: Ball
3-1: Ground out 4-3 (Groundball, 4M)
Batting: LHB Bob Smith 0-0: Ball
1-0: Called Strike
1-1: Foul Ball, location: 2F
1-2: Ball
2-2: Ball
3-2: SINGLE (Groundball, 25) (infield hit)
Batting: RHB Edward Young 0-0: Called Strike
0-1: Foul Ball, location: 2F
0-2: Foul Ball, location: 2F
0-2: Foul Ball, location: 2F
0-2: SINGLE (Groundball, 5D)
Bob Smith to second
Batting: LHB Eric Wheeler 0-0: Called Strike
0-1: Called Strike
0-2: Ball
1-2: Ball
2-2: Ball
3-2: Base on Balls
Bob Smith to third
Edward Young to second
Batting: RHB Lorenzo Guzmán 0-0: Foul Ball, location: 2F
0-1: Foul Ball, location: 2F
0-2: Strikes out swinging
Batting: LHB Marcos Vargas 0-0: Called Strike
0-1: Called Strike
0-2: Ball
1-2: Ball
2-2: Foul Ball, location: 2F
2-2: Fly out, F8 (Flyball, 8LXD)
Bottom of the 4th over - 0 run(s), 2 hit(s), 0 error(s), 3 left on base; New York 1 - Chicago 0
TOP OF THE 5TH
New York Knights batting - Pitching for Chicago Machine : RHP Juan Marín
Batting: RHB Anastasio García 0-0: Ball
1-0: Called Strike
1-1: Called Strike
1-2: Ball
2-2: Ball
3-2: Foul Ball, location: 2F
3-2: Base on Balls
Batting: LHB Warren Potter 0-0: Ball
1-0: Foul Ball, location: 2F
1-1: Ball
2-1: Called Strike
2-2: Ball
3-2: Foul Ball, location: 2F
3-2: Strikes out swinging
Batting: RHB Dani Torres 0-0: Ball
1-0: SINGLE (Line Drive, 5)
Anastasio García to second
Batting: RHB Lonnie Anderson 0-0: Ball
1-0: Ball
2-0: Called Strike
2-1: Ball
3-1: Swinging Strike
3-2: Strikes out swinging
Batting: RHB José Aguilera 0-0: Ball
1-0: 3-RUN HOME RUN (Flyball, 7D), Distance : 388 ft
Batting: RHB Keitaro Suzuki 0-0: Ball
1-0: Called Strike
1-1: Ball
2-1: Foul Ball, location: 2F
2-2: Foul Ball, location: 2F
2-2: Strikes out swinging
Top of the 5th over - 3 run(s), 2 hit(s), 0 error(s), 0 left on base; New York 4 - Chicago 0
BOTTOM OF THE 5TH
Chicago Machine batting - Pitching for New York Knights : RHP José Navarro
Batting: RHB Dave Mullen 0-0: Ball
1-0: Called Strike
1-1: Foul Ball, location: 2F
1-2: Ball
2-2: Ball
3-2: SINGLE (Groundball, 5D)
Batting: RHB Juan Barrera 0-0: SINGLE (Groundball, 15S) (infield hit)
Dave Mullen to second
Batting: SHB Joaquín López 0-0: Foul Ball, location: 2F
0-1: Swinging Strike
0-2: Ball
1-2: Ball
2-2: Fly out, F8 (Flyball, 8RD)
Runner from 2nd tags up, SAFE at 3rd, no throw
Batting: RHB Derek Ramsey 0-0: Swinging Strike
0-1: Grounds into double play, 5-4-3 (Groundball, 5)
Bottom of the 5th over - 0 run(s), 2 hit(s), 0 error(s), 1 left on base; New York 4 - Chicago 0
TOP OF THE 6TH
New York Knights batting - Pitching for Chicago Machine : RHP Juan Marín
Batting: LHB Troy Donaldson 0-0: Ball
1-0: SINGLE (Groundball, 4M)
Batting: SHB Marvin Harris 0-0: Ball
1-0: Fly out, F9 (Flyball, 8RXD)
Batting: LHB Tom Waller 0-0: Ball
1-0: Called Strike
1-1: Ball
Troy Donaldson steals 2nd base
2-1: Intentional Walk
Batting: RHB Anastasio García 0-0: Ball
Troy Donaldson steals 3rd base
Tom Waller to second
1-0: Ground out 6-3 (Groundball, 56)
Troy Donaldson scores
Batting: LHB Warren Potter 0-0: Ball
1-0: Called Strike
1-1: Foul Ball, location: 2F
1-2: Strikes out swinging
Top of the 6th over - 1 run(s), 1 hit(s), 0 error(s), 1 left on base; New York 5 - Chicago 0
BOTTOM OF THE 6TH
Chicago Machine batting - Pitching for New York Knights : RHP José Navarro
Batting: LHB Bob Smith 0-0: Called Strike
0-1: Ball
1-1: Foul Ball, location: 2F
1-2: Ball
2-2: Foul Ball, location: 2F
2-2: Ball
3-2: Foul Ball, location: 2F
3-2: Base on Balls
Batting: RHB Edward Young 0-0: Ball
1-0: Ball
2-0: Foul Ball, location: 2F
2-1: Fielders Choice at 2nd, 6-4 (Groundball, 6M)
Batting: LHB Eric Wheeler 0-0: Called Strike
0-1: Ball
Wild Pitch!
Edward Young to second
1-1: Ball
2-1: Fly out, F8 (Flyball, 8RD)
Runner from 2nd tags up, SAFE at 3rd, no throw
Batting: RHB Lorenzo Guzmán 0-0: Ball
1-0: SINGLE (Line Drive, 56D)
Edward Young scores
Batting: LHB Marcos Vargas 0-0: Ball
1-0: Foul Ball, location: 2F
1-1: Called Strike
1-2: SINGLE (Groundball, 4MD)
Lorenzo Guzmán to second
Runner from 2nd tries for 3rd, SAFE, throw made to third
Batting: RHB Dave Mullen 0-0: Ball
1-0: Foul Ball, location: 2F
1-1: Called Strike
1-2: Ball
2-2: DOUBLE (Groundball, 5D)
Lorenzo Guzmán scores
Marcos Vargas to third
Runner from 3rd tries for Home, SAFE, no throw or cutoff
Batting: RHB Juan Barrera 0-0: Foul Ball, location: 2F
0-1: Ball
1-1: Called Strike
1-2: Strikes out looking
Bottom of the 6th over - 3 run(s), 3 hit(s), 0 error(s), 1 left on base; New York 5 - Chicago 3
TOP OF THE 7TH
New York Knights batting - Pitching for Chicago Machine : RHP Juan Marín
Pitching: LHP Austin Wall
Batting: RHB Dani Torres 0-0: Ball
1-0: Called Strike
1-1: Ground out 5-3 (Groundball, 56)
Batting: RHB Lonnie Anderson 0-0: Called Strike
0-1: Ball
1-1: Ball
2-1: SINGLE (Groundball, 34D)
Batting: RHB José Aguilera 0-0: Ball
1-0: Ball
2-0: Called Strike
2-1: Ball
3-1: Base on Balls
Lonnie Anderson to second
Batting: RHB Keitaro Suzuki 0-0: Ball
1-0: Ball
2-0: Ball
3-0: Base on Balls
Lonnie Anderson to third
José Aguilera to second
Batting: LHB Troy Donaldson 0-0: Ball
1-0: Called Strike
1-1: Swinging Strike
1-2: Ball
2-2: Foul Ball, location: 2F
2-2: Foul Ball, location: 2F
2-2: GRAND SLAM HOME RUN (Flyball, 89XD), Distance : 431 ft
Pitching: RHP Shiki Kanno
Batting: SHB Marvin Harris 0-0: Called Strike
0-1: Ground out 4-3 (Groundball, 4)
Batting: LHB Tom Waller 0-0: Ground out 4-3 (Groundball, 4)
Top of the 7th over - 4 run(s), 2 hit(s), 0 error(s), 0 left on base; New York 9 - Chicago 3
BOTTOM OF THE 7TH
Chicago Machine batting - Pitching for New York Knights : RHP José Navarro
Pitching: RHP Gilberto Barrera
Batting: SHB Joaquín López 0-0: Foul Ball, location: 2F
0-1: Ball
1-1: Ball
2-1: Foul Ball, location: 2F
2-2: Fly out, F7 (Flyball, 78D)
Batting: RHB Derek Ramsey 0-0: Swinging Strike
0-1: Fly out, F8 (Flyball, 8RM)
Batting: LHB Bob Smith 0-0: Called Strike
0-1: Foul Ball, location: 2F
0-2: Foul Ball, location: 2F
0-2: Foul Ball, location: 2F
0-2: Ground out 4-3 (Groundball, 4)
Bottom of the 7th over - 0 run(s), 0 hit(s), 0 error(s), 0 left on base; New York 9 - Chicago 3
TOP OF THE 8TH
New York Knights batting - Pitching for Chicago Machine : RHP Shiki Kanno
Batting: RHB Anastasio García 0-0: Foul Ball, location: 2F
0-1: Fly out, F9 (Flyball, 9D)
Batting: LHB Warren Potter 0-0: Called Strike
0-1: Ground out 4-3 (Groundball, 4)
Batting: RHB Dani Torres 0-0: Ball
1-0: Swinging Strike
1-1: DOUBLE (Line Drive, 8LM)
Batting: RHB Lonnie Anderson 0-0: Ground out 6-3 (Groundball, 6M)
Top of the 8th over - 0 run(s), 1 hit(s), 0 error(s), 1 left on base; New York 9 - Chicago 3
BOTTOM OF THE 8TH
Chicago Machine batting - Pitching for New York Knights : RHP Gilberto Barrera
Batting: RHB Edward Young 0-0: Ball
1-0: DOUBLE (Line Drive, 5D)
Batting: LHB Eric Wheeler 0-0: Ball
1-0: Fly out, F9 (Flyball, 9M)
Batting: RHB Lorenzo Guzmán 0-0: Ball
1-0: Ground out 4-3 (Groundball, 13)
Edward Young to third
Batting: LHB Marcos Vargas 0-0: Ball
1-0: Foul Ball, location: 2F
1-1: Ball
2-1: Swinging Strike
2-2: Ground out U3 (Groundball, 3L)
Bottom of the 8th over - 0 run(s), 1 hit(s), 0 error(s), 1 left on base; New York 9 - Chicago 3
TOP OF THE 9TH
New York Knights batting - Pitching for Chicago Machine : RHP Shiki Kanno
Batting: RHB José Aguilera 0-0: Foul Ball, location: 2F
0-1: Foul Ball, location: 2F
0-2: Ball
1-2: DOUBLE (Flyball, 8RXD)
Batting: RHB Keitaro Suzuki 0-0: Called Strike
0-1: Ball
1-1: Ball
2-1: Swinging Strike
2-2: Ground out 6-3 (Groundball, 56)
Batting: LHB Troy Donaldson 0-0: Foul Ball, location: 2F
0-1: 2-RUN HOME RUN (Flyball, 89XD), Distance : 426 ft
Batting: SHB Marvin Harris 0-0: Foul Ball, location: 2F
0-1: Ground out U3 (Groundball, 3)
Batting: LHB Tom Waller 0-0: Ball
1-0: SINGLE (Line Drive, 8RS)
Batting: RHB Anastasio García 0-0: Ball
1-0: Foul Ball, location: 2F
1-1: Ball
Wild Pitch!
Tom Waller to second
2-1: Ball
3-1: Base on Balls
Batting: LHB Warren Potter 0-0: Ball
1-0: DOUBLE (Line Drive, 7LM)
Tom Waller scores
Anastasio García to third
Batting: RHB Dani Torres 0-0: Called Strike
0-1: Ground out 6-3 (Groundball, 6)
Top of the 9th over - 3 run(s), 4 hit(s), 0 error(s), 2 left on base; New York 12 - Chicago 3
BOTTOM OF THE 9TH
Chicago Machine batting - Pitching for New York Knights : RHP Gilberto Barrera
Batting: RHB Dave Mullen 0-0: Ground out 6-3 (Groundball, 6M)
Batting: RHB Juan Barrera 0-0: Called Strike
0-1: Called Strike
0-2: SINGLE (Groundball, 56D)
Batting: SHB Joaquín López 0-0: Foul Ball, location: 2F
0-1: Called Strike
0-2: Ball
1-2: Ball
2-2: Ball
3-2: Fly out, F7 (Flyball, 78D)
Batting: RHB Derek Ramsey 0-0: Ball
1-0: Ball
2-0: Ground out U3 (Groundball, 3L)
Bottom of the 9th over - 0 run(s), 1 hit(s), 0 error(s), 1 left on base; New York 12 - Chicago 3
This league is powered by Out of the Park Baseball, the baseball management simulation game for PC, Mac and Linux
Tuesday, August 2nd, 2016 - OOTP Baseball 16.8 Build 38